 Dungeon Crawl Stone Soup version 0.26-a0-835-g8259106e14 (webtiles) character file.

Game seed: 8025877644184881118

47133 jasper the Fencer (level 14, -2/113 HPs)
             Began as a Vampire Berserker on Nov 17, 2020.
             Was a High Priest of Trog.
             Killed from afar by an orc sorcerer (26 damage)
             ... with a bolt of negative energy
             ... on level 2 of the Orcish Mines.
             The game lasted 00:23:58 (18153 turns).

jasper the Fencer (Vampire Berserker)              Turns: 18153, Time: 00:23:59

Health: -2/113     AC: 15    Str: 16    XL:     14   Next: 7%
Magic:  14/14      EV: 15    Int: 10    God:    Trog [*****.]
Gold:   1078       SH:  0    Dex: 18    Spells: 13/13 levels left

rFire    . . .     SeeInvis +   T - +3 double sword (flame)
rCold    . . .     Faith    +   (no shield)
rNeg     . . .     Spirit   .   k - +0 scale mail
rPois    .         Reflect  .   V - +1 helmet
rElec    .         Harm     .   f - +0 cloak
rCorr    +         Rampage  .   (no gloves)
MR       +++..                  (no boots)
Stlth    +.........             O - amulet of faith
HPRegen  1.48/turn              y - ring of resist corrosion
MPRegen  0.14/turn              J - +4 ring of protection

@: lethally poisoned (-2 -> -3), berserk cooldown, regenerating, slowed, heavily
drained, very slow
A: fangs 3, see invisible, unbreathing
a: Exsanguinate, Berserk, Trog's Hand, Brothers in Arms, Renounce Religion


You were on level 2 of the Orcish Mines.
You worshipped Trog.
Trog was extremely pleased with you.
You visited 4 branches of the dungeon, and saw 20 of its levels.
You also visited: Sewer.

You collected 1458 gold pieces.
You spent 380 gold pieces at shops.

Inventory:

Hand Weapons
 c - the +2 great sword "Antique Ultimatum" {vorpal, rN+}
   (Trog gifted it to you on level 6 of the Lair of Beasts)

   It inflicts extra damage upon your enemies.
   It protects you from negative energy.
 I - a +4 great sword of flaming
 T - a +3 double sword of flaming (weapon)
Missiles
 e - 31 poisoned darts (quivered)
Armour
 f - a +0 cloak (worn)
 k - a +0 scale mail (worn)
 V - a +1 helmet (worn)
Jewellery
 q - an uncursed ring of fire
 y - a ring of resist corrosion (left hand)
 J - a +4 ring of protection (right hand)
 O - an amulet of faith (around neck)
 Y - an uncursed amulet of reflection {unknown}
Wands
 v - a wand of flame (48)
 G - a wand of acid (33)
 L - a wand of paralysis (5)
 M - a wand of disintegration (25)
 Z - a wand of random effects (8)
Scrolls
 h - 4 scrolls of blinking
 j - 8 scrolls of remove curse
 l - 7 scrolls of amnesia
 m - 4 scrolls of enchant weapon
 p - 9 scrolls of teleportation
 s - 2 scrolls of random uselessness
 u - 4 scrolls of fear
 z - 8 scrolls of magic mapping
 A - 4 scrolls of noise
 C - 6 scrolls of fog
 U - 2 scrolls of enchant armour {unknown}
 W - a scroll of silence {unknown}
Potions
 g - 5 potions of might
 i - 7 potions of flight
 o - 4 potions of mutation
 r - 6 potions of haste
 w - 2 potions of heal wounds
 x - 6 potions of curing
 B - 3 potions of lignification
 D - 3 potions of degeneration
 E - a potion of invisibility
 H - a potion of brilliance
 K - 4 potions of magic {unknown}
 P - 2 potions of cancellation {unknown}
 Q - a potion of ambrosia {unknown}
 X - a potion of resistance {unknown}
Miscellaneous
 a - a condenser vane (inert)
 b - a phantom mirror (inert)
 S - a phial of floods (inert)


   Skills:
 - Level 11.2(9.1) Fighting
 + Level 15.5(13.2) Long Blades
 - Level 8.2(6.3) Armour
 - Level 10.2(8.2) Dodging
 - Level 3.8(2.1) Stealth
 - Level 6.1(4.3) Evocations


You had 13 spell levels left.
You didn't know any spells.
Your spell library was empty.

Dungeon Overview and Level Annotations

Branches:
Dungeon (11/15)            Temple (0/1) D:4            Lair (6/6) D:10
 Shoals (1/4) Lair:2        Snake (0/4) Lair:2        Slime (0/5) Lair:6
    Orc (2/2) D:11          Sewer (visited)
    Elf: Orc:2

Altars:
Cheibriados
Gozag
Makhleb
Nemelex Xobeh
Sif Muna
Uskayaw
Zin
The Shining One
Beogh

Shops:
D:6 !   D:7 [   D:8 (   D:10 :}*   Orc:1 !   Orc:2 !

Annotations:
D:9 Harold


Innate Abilities, Weirdness & Mutations

Your natural rate of healing is unusually fast.
You have razor-sharp teeth.
You have supernaturally acute eyesight. (SInv)
You can survive without breathing.


Message History

An orc comes into view. It is wielding a +0 hand axe.
You take 1 damage, and have 40/113 hp.
You slash the orc sorcerer! You burn the orc sorcerer.
Your bite misses the orc sorcerer.
The orc sorcerer is severely wounded.
You feel sick.
The orc sorcerer hits you but does no damage.
Your ogre hits the chaos spawn with a +0 giant spiked club!!!
The chaos spawn dies!
The chaos spawn degenerates into a cloud of primal chaos!
The orc priest closely misses you. The chaos spawn hits you!
* * * LOW HITPOINT WARNING * * *
The orc sorcerer hits you but does no damage.
You writhe in agony.
* * * LOW HITPOINT WARNING * * *
The orc sorcerer wildly gestures.
The orc sorcerer glows brightly for a moment.
The orc sorcerer points at you and mumbles some strange words.
The bolt of negative energy hits you!!
You feel drained.
You die...

#.. .............# #..
.............## ##.
.................#.#...# #.
......o...............## ##
......o................# ##
......................# ###.
......o........4o.....## ##...
........o..8...o@......# ##....
...............o§).[).######.....
.........8.∩<8..O..).####.###)...
........o.[........([..#.........
...........8......)........#.....
..........o...#..................
.....................)...#.##....
............)[#$.....##.#######.#
........)..$)[÷)[...##### ###


You could see a chaos spawn (summoned), 2 orc sorcerers, an orc priest, an orc
and a friendly ogre (summoned, berserk).

Vanquished Creatures
  An orc warlord (Orc:2)
  A stone giant (Orc:2)
  A catoblepas (Lair:6)
  5 hydras
  An orc high priest (Orc:2)
  An unseen horror (D:11)
  A lindwurm (Lair:4)
  A manticore (Lair:6)
  2 orc sorcerers (Orc:2)
  16 elephants
  Joseph (D:7)
  5 black mambas
  10 cane toads
  A gargoyle (D:10)
  3 komodo dragons
  A kobold demonologist (D:10)
  2 rime drakes
  Maggie (D:6)
  A troll (Orc:2)
  2 polar bears
  17 blink frogs (Lair:6)
  A hornet (D:10)
  Prince Ribbit (D:6)
  A snapping turtle (Lair:2)
  A meliai zombie (D:11)
  Sigmund (D:2)
  3 wyverns
  A vampire (D:9)
  46 yaks
  5 basilisks
  4 vampire mosquitoes (D:10)
  7 wargs
  3 nagas (Lair:2)
  A soldier ant (D:10)
  10 water moccasins
  11 orc warriors
  An ice beast (D:7)
  2 sky beasts
  4 black bears
  3 phantoms
  A necrophage (D:8)
  10 ogres
  11 wolves
  4 centaurs
  A big kobold (Sewer)
  14 bullfrogs
  A wyvern skeleton (D:6)
  4 scorpions
  A water moccasin skeleton (D:7)
  12 wights
  4 killer bees (D:10)
  2 electric eels (Lair:4)
  3 howler monkeys (D:9)
  2 quasits
  4 jellies
  14 orc priests
  3 hounds
  22 orc wizards
  2 centaur skeletons
  Terence (D:2)
  6 iguanas
  4 hell rats (Lair:6)
  10 worker ants
  A killer bee zombie (D:8)
  2 hound zombies (D:7)
  A hound skeleton (D:7)
  A howler monkey zombie (D:7)
  2 worker ant zombies
  7 gnolls
  16 adders
  A river rat (Sewer)
  A shadow imp (D:6)
  6 oozes
  2 adder skeletons
  2 adder zombies (D:8)
  5 worms
  8 dart slugs
  13 leopard geckos
  50 orcs
  4 giant cockroaches
  5 goblins
  7 hobgoblins
  24 jackals
  A quokka (D:4)
  2 ball pythons (D:4)
  5 bats
  5 frilled lizards
  10 kobolds
  A leopard gecko skeleton (D:4)
  A leopard gecko zombie (D:7)
  A quokka skeleton (D:8)
  13 rats
513 creatures vanquished.

Vanquished Creatures (collateral kills)
  Snorg (D:10)
  An orc knight (Orc:2)
  4 elephants (Lair:6)
  A polar bear (Lair:6)
  A water moccasin (Lair:6)
  A sky beast (D:10)
  2 orc warriors (Orc:2)
  A wyvern zombie (D:10)
  2 killer bees (D:10)
  An orc wizard (Orc:2)
  A hell rat (Lair:6)
  5 orcs (Orc:2)
21 creatures vanquished.

Vanquished Creatures (others)
  24 fungi
  34 plants
58 creatures vanquished.

Grand Total: 592 creatures vanquished

Notes
Turn   | Place    | Note
-------+----------+-------------------------------------------
     0 | D:1      | jasper the Vampire Berserker began the quest for the Orb.
     0 | D:1      | Reached XP level 1. HP: 17/17 MP: 1/1
   113 | D:1      | Reached XP level 2. HP: 20/23 MP: 2/2
   133 | D:1      | Reached skill level 1 in Stealth
   448 | D:1      | Reached XP level 3. HP: 28/28 MP: 3/3
   486 | D:1      | Reached ** piety under Trog
   804 | D:2      | Noticed Sigmund
   810 | D:2      | Reached XP level 4. HP: 35/35 MP: 4/4
   814 | D:2      | Killed Sigmund
   815 | D:2      | Reached skill level 4 in Long Blades
   815 | D:2      | Reached XP level 5. HP: 41/41 MP: 5/5
   944 | D:2      | Found a burning altar of Makhleb.
   947 | D:2      | Found a sparkling altar of Nemelex Xobeh.
   948 | D:2      | Found a snail-covered altar of Cheibriados.
   949 | D:2      | Found an opulent altar of Gozag.
   949 | D:2      | Found a hide-covered altar of Uskayaw.
  1226 | D:2      | Reached XP level 6. HP: 47/47 MP: 6/6
  1305 | D:2      | Noticed Terence
  1316 | D:2      | Killed Terence
  1777 | D:3      | Found a shimmering blue altar of Sif Muna.
  1858 | D:3      | Reached *** piety under Trog
  2336 | D:4      | Reached skill level 5 in Long Blades
  2510 | D:4      | Reached XP level 7. HP: 53/53 MP: 7/7
  3533 | D:4      | Found a staircase to the Ecumenical Temple.
  3570 | D:5      | Entered Level 5 of the Dungeon
  3574 | D:5      | Found a glowing drain.
  3618 | Sewer    | Entered a sewer
  3740 | Sewer    | Found a white marble altar of Elyvilon.
  3893 | D:5      | Reached skill level 6 in Long Blades
  4087 | D:5      | Reached XP level 8. HP: 61/61 MP: 8/8
  4497 | D:5      | Reached **** piety under Trog
  4638 | D:6      | Reached skill level 5 in Dodging
  4644 | D:6      | Reached skill level 7 in Long Blades
  4701 | D:6      | Noticed Prince Ribbit
  4712 | D:6      | Killed Prince Ribbit
  4713 | D:6      | Reached skill level 5 in Fighting
  4872 | D:6      | Noticed Maggie
  4882 | D:6      | Killed Maggie
  4883 | D:6      | Reached skill level 8 in Long Blades
  4929 | D:6      | Reached XP level 9. HP: 68/68 MP: 9/9
  5083 | D:6      | Reached skill level 5 in Armour
  5123 | D:6      | Reached skill level 9 in Long Blades
  5302 | D:6      | Found Lugimue's Distillery.
  5316 | D:6      | Bought a potion of flight for 39 gold pieces
  5316 | D:6      | Bought a potion of might for 52 gold pieces
  5316 | D:6      | Bought 2 potions of degeneration for 26 gold pieces
  5316 | D:6      | Bought a potion of curing for 39 gold pieces
  5316 | D:6      | Bought a potion of invisibility for 104 gold pieces
  5316 | D:6      | Bought a potion of curing for 39 gold pieces
  5785 | D:7      | Reached ***** piety under Trog
  5830 | D:7      | Found a glowing golden altar of the Shining One.
  5872 | D:7      | Reached skill level 10 in Long Blades
  5948 | D:7      | Reached skill level 1 in Evocations
  6085 | D:7      | Found Heyliyk's Antique Armour Boutique.
  6095 | D:7      | Noticed Joseph
  6375 | D:7      | Killed Joseph
  6533 | D:7      | Reached skill level 5 in Evocations
  6821 | D:8      | Found Ucoas's Antique Weapon Boutique.
  6877 | D:8      | Reached XP level 10. HP: 70/74 MP: 10/10
  6996 | D:8      | Received a gift from Trog
  7382 | D:9      | Noticed Harold
  7393 | D:10     | Entered Level 10 of the Dungeon
  7445 | D:10     | Noticed Snorg
  7452 | D:10     | Killed Snorg
  7587 | D:10     | Found Huj Viol's Gadget Boutique.
  7599 | D:10     | Noticed a gargoyle
  7616 | D:10     | Killed a gargoyle
  7678 | D:10     | Reached skill level 10 in Dodging
  7763 | D:10     | Found Ludocic's Assorted Antiques.
  7788 | D:10     | Paralysed by a hornet for 2 turns
  7796 | D:10     | Reached XP level 11. HP: 48/79 MP: 11/11
  8059 | D:10     | Found a staircase to the Lair.
  8080 | D:10     | Found Jashrih's Book Shop.
  8233 | D:10     | Bought a scroll labelled YCICUI ONWIRE for 28 gold pieces
  8233 | D:10     | Bought a sedimented yellow potion for 25 gold pieces
  8233 | D:10     | Bought a scroll labelled ZYVVOO DURYI for 28 gold pieces
  8321 | D:10     | Received a gift from Trog
  8397 | D:11     | Noticed an unseen horror
  8413 | D:11     | Killed an unseen horror
  8986 | D:11     | Found a staircase to the Orcish Mines.
  9597 | Orc:1    | Entered Level 1 of the Orcish Mines
  9731 | Lair:1   | Entered Level 1 of the Lair of Beasts
  9881 | Lair:1   | You fall into a shaft and drop 1 floor!
 10038 | Lair:2   | Found a staircase to the Snake Pit.
 10397 | Lair:2   | Found a staircase to the Shoals.
 11259 | Lair:1   | Noticed an eight-headed hydra
 11274 | Lair:1   | Killed a six-headed hydra
 11275 | Lair:1   | Reached XP level 12. HP: 94/94 MP: 12/12
 11358 | Lair:1   | Noticed a four-headed hydra
 11369 | Lair:1   | Killed a one-headed hydra
 11821 | Shoals:1 | Entered Level 1 of the Shoals
 12341 | Lair:3   | Reached skill level 10 in Fighting
 12855 | Lair:4   | Received a gift from Trog
 13652 | Lair:4   | Reached skill level 11 in Long Blades
 14086 | Lair:5   | Noticed an eight-headed hydra
 14095 | Lair:5   | Killed a three-headed hydra
 14313 | Lair:5   | Reached XP level 13. HP: 102/106 MP: 13/13
 14380 | Lair:5   | Found a glowing silver altar of Zin.
 14895 | Lair:5   | Reached skill level 12 in Long Blades
 15158 | Lair:6   | Entered Level 6 of the Lair of Beasts
 15573 | Lair:6   | Reached skill level 13 in Long Blades
 15961 | Lair:6   | Reached skill level 14 in Long Blades
 16122 | Lair:6   | Found a staircase to the Slime Pits.
 16320 | Lair:6   | Received a gift from Trog
 16367 | Lair:6   | Got a crude great sword {god gift}
 16368 | Lair:6   | Identified the +2 great sword "Antique Ultimatum" {vorpal,
                  | rN+} (Trog gifted it to you on level 6 of the Lair of
                  | Beasts)
 17153 | Orc:2    | Entered Level 2 of the Orcish Mines
 17168 | Orc:2    | Found a roughly hewn altar of Beogh.
 17213 | Orc:2    | Noticed a stone giant
 17282 | Orc:2    | Killed a stone giant
 17581 | Orc:2    | Found Ommiytta's Distillery.
 17588 | Orc:2    | Noticed an orc warlord
 17594 | Orc:2    | Reached skill level 15 in Long Blades
 17609 | Orc:2    | Killed an orc warlord
 17624 | Orc:2    | Reached XP level 14. HP: 28/113 MP: 14/14
 18141 | Orc:2    | Paralysed by an orc sorcerer for 7 turns
 18144 | Orc:2    | HP: 4/113 [orc priest/+0 whip of freezing (5)]
 18146 | Orc:2    | HP: 1/113 [orc sorcerer/+0 dagger (2)]
 18153 | Orc:2    | Killed from afar by an orc sorcerer

Illustrated notes

Levels and vault maps discovered:
D:1:      lightli_arrival_quake, layout_basic
D:2:      layout_loops_ring, grunt_temple_overflow_open, uniq_terence,
          uniq_sigmund
D:3:      layout_basic, led_sif_pool
D:4:      layout_loops_corners, minmay_temple_entry_fiery, serial_park_tiny_1
D:5:      layout_gridville, cheibrodos_sewer_entry_bend
D:6:      minmay_diamond_boxcup, layout_loops_ring, serial_shops,
          nicolae_shop_trees, glass_columns_a, minmay_misc_feat_plants,
          corexii_checkpoint_a, minmay_misc_feat_encased,
          hangedman_decor_lopped, minivault_11, uniq_prince_ribbit1, uniq_maggie
D:7:      layout_rooms, serial_shops, nicolae_shop_statue_plus, tso_altar,
          uniq_joseph
D:8:      minmay_general_purpose_star, layout_rooms, serial_shops,
          nicolae_shop_behind_doors
D:9:      layout_irregular_city, uniq_harold, uniq_psyche, uniq_erolcha
D:10:     layout_roguey, david_lair_generic, serial_shops,
          nicolae_shop_waterfront, nicolae_shop_stone, shop, uniq_snorg
D:11:     layout_stronghold, minmay_orc_entry_guard_dogs,
          chequers_serial_rivers_marsh
Lair:1:   layout_big_grid, grunt_megastairs_4
Lair:2:   layout_cave_pods, minmay_shoals_entry_hut,
          minmay_snake_entry_guardpost_small
Lair:3:   layout_long_grid, grunt_megastairs_5
Lair:4:   layout_regular_city, grunt_forest_small_clearings, fungi_pond_lemuel,
          beast_lair_carwin_10, serial_bayou_shore_a, infiniplex_staircase_pool
Lair:5:   layout_gridlike, basic_altar, lemuel_fruit_tree, serial_bayou_shore_b
Lair:6:   evilmike_catoblepas_cave, layout_regular_city,
          nicolae_slime_entry_slimehenge, columned_hall_lemuel,
          chequers_serial_rivers_micro_b
Shoals:1: layout_shoals
Orc:1:    layout_caves, serial_shops, shop
Orc:2:    st_orc_mages, layout_diamond_mine, serial_shops,
          nicolae_shop_statue_plus, mines2_david

Skill      XL: |  1  2  3  4  5  6  7  8  9 10 11 12 13 |
---------------+----------------------------------------+-----
Stealth        | 1 2 3 |  3.8
Fighting       | 3 4 5 8 11 | 11.2
Armour         | 2 3 4 5 8 |  8.2
Long Blades    | 4 5 6 8 10 11 15 | 15.5
Dodging        | 3 4 5 10 | 10.2
Evocations     | 5 6 |  6.1

Action                   |  1- 3 |  4- 6 |  7- 9 | 10-12 | 13-15 || total
-------------------------+-------+-------+-------+-------+-------++-------
Melee: Falchion          |    69 |   184 |    19 |       |       ||   272
       Bite              |    14 |    22 |    40 |   114 |    67 ||   257
       Long sword        |       |       |   267 |   527 |       ||   794
       Great sword       |       |       |       |    13 |    10 ||    23
       Double sword      |       |       |       |   103 |   366 ||   469
Throw: Boomerang         |     4 |       |       |       |       ||     4
       Dart              |    15 |     3 |    12 |    47 |     7 ||    84
Invok: Berserk           |     2 |     4 |     3 |    14 |     8 ||    31
       Trog's Hand       |     2 |       |       |     4 |     7 ||    13
       Brothers in Arms  |       |       |       |     1 |     3 ||     4
Evoke: Wand              |       |       |       |     4 |     4 ||     8
       Phial of floods   |       |       |       |       |     2 ||     2
       Condenser vane    |       |       |       |       |     2 ||     2
       Phantom mirror    |       |       |       |       |     1 ||     1
  Use: Scroll            |       |       |       |    16 |     4 ||    20
       Potion            |       |       |       |     1 |     5 ||     6
 Stab: Sleeping          |       |     1 |     1 |     1 |     1 ||     4
       Distracted        |       |       |     1 |       |     1 ||     2
       Petrifying        |       |       |       |       |     1 ||     1
Armor: Ring mail         |    16 |       |       |       |       ||    16
       Scale mail        |    10 |    89 |   106 |   263 |   170 ||   638
Dodge: Dodged            |    38 |    98 |   137 |   557 |   324 ||  1154
       Rpst.: Falchion   |     8 |    30 |     4 |       |       ||    42
       Long sword        |       |       |    48 |   140 |       ||   188
       Double sword      |       |       |       |    24 |    75 ||    99

Table legend: (Time is in decaauts)
 A = Elapsed time spent in this place.
 B = Non-inter-level travel time spent in this place.
 C = Inter-level travel time spent in this place.
 D = Time resting spent in this place.
 E = Time spent auto-exploring this place.
 F = Levels seen in this place.
 G = Mean time per level.
                   A        B        C        D        E       F      G
               +--------+--------+--------+--------+--------+-----+--------+
         Total |  18360 |  17685 |    675 |   2736 |  11653 |  21 |  874.3 |
       Dungeon |   9700 |   9257 |    443 |    919 |   6532 |  11 |  881.8 |
          Lair |   7243 |   7042 |    201 |   1356 |   4515 |   6 | 1207.2 |
        Shoals |      1 |      1 |      0 |      0 |      0 |   1 |    1.0 |
  Orcish Mines |   1226 |   1195 |     31 |    460 |    459 |   2 |  613.0 |
         Sewer |    187 |    187 |      0 |      0 |    146 |   1 |  187.0 |
               +--------+--------+--------+--------+--------+-----+--------+

Top non-repeatable levels by time:
  Lair:2: 1464 daAuts
  Lair:5: 1370 daAuts
    D:11: 1353 daAuts
  Lair:4: 1338 daAuts
  Lair:6: 1327 daAuts
     D:4: 1276 daAuts
     D:6: 1241 daAuts
    D:10: 1022 daAuts
     D:7: 888 daAuts
     D:3: 882 daAuts
  Lair:1: 871 daAuts
  Lair:3: 870 daAuts
     D:5: 853 daAuts
     D:2: 824 daAuts
     D:1: 663 daAuts
